Map: King of Braxis Station

Players

MrFercho - Winner!

  • Race: Terran Terran
  • Spawn Location: 11:00

tigro

  • Race: Terran Terran
  • Spawn Location: 9:00

IA (Difícil)

  • Race: Terran Terran
  • Spawn Location: 5:00

IA (Difícil)

  • Race: Zerg Zerg
  • Spawn Location: 3:00

IA (Difícil)

  • Race: Zerg Zerg
  • Spawn Location: 7:00

IA (Difícil)

  • Race: Zerg Zerg
  • Spawn Location: 6:00

IA (Difícil)

  • Race: Terran Terran
  • Spawn Location: 1:00

IA (Difícil)

  • Race: Protoss Protoss
  • Spawn Location: 12:00

VOD

Have the link to the VOD?

Description

Time

  • Played on: March 22, 2020, 11:21 p.m.
  • Length: 42:52
Show
View Real Time Build Order
Export as new Build Order

MrFercho Terran - Winner!

Build Orders:  

Get SALT Encoding   

  12  0:02  SCV  
  13  0:20  SCV  
  13  0:21  Supply Depot  
  14  0:26  Refinery  
  14  0:32  SCV  
  15  0:45  Engineering Bay  
  15  0:48  SCV  
  16  1:04  SCV  
  17  1:16  SCV  
  18  1:22  Barracks  
  18  1:29  SCV  
  19  1:38  Refinery  
  19  1:40  Supply Depot  
  19  1:41  SCV  
  20  1:49  Terran Infantry Weapons Level 1  
  20  1:53  SCV  
  21  2:02  Supply Depot  
  21  2:12  Factory  
  21  2:25  Barracks  
  21  2:29  Orbital Command  
  21  2:42  Barracks Tech Lab  
  21  3:02  Starport  
  21  3:04  Factory Tech Lab  
  21  3:20  Marine x2  
  23  3:36  SCV, Engineering Bay  
  23  3:38  Marine x2  
  26  3:44  Starport Tech Lab  
  26  3:48  SCV  
  26  3:53  Siege Tank  
  30  3:55  Marine  
  30  3:56  Marine  
  32  4:13  Marine  
  33  4:25  Siege Tank  
  33  4:28  Command Center  
  35  5:11  SCV  
  36  5:15  Bunker  
  36  5:23  SCV  
  36  5:25  Supply Depot  
  36  5:27  Supply Depot  
  34  5:29  Supply Depot  
  34  5:35  SCV  
  35  5:50  Supply Depot, Command Center  
  35  5:58  Banshee  
  38  6:17  Barracks Tech Lab  
  38  6:19  Starport  
  38  6:21  Starport  
  38  6:29  Armory  
  38  6:30  Armory  
  32  6:41  Banshee  
  34  7:15  Terran Infantry Armor Level 1  
  34  7:16  Armory  
  34  7:42  Marauder x2  
  34  7:43  Factory  
  38  7:48  Starport Tech Lab x2  
  38  8:03  Marine  
  38  8:04  Marauder  
  41  8:11  Fusion Core  
  41  8:21  Marine  
  41  8:25  Marine  
  43  8:27  Factory  
  43  8:39  Marine  
  44  9:03  Banshee x3  
  53  9:20  Command Center  
  53  9:21  Hellion x3  
  59  9:30  Missile Turret x2  
  59  9:41  SCV  
  60  9:46  Viking  
  62  9:59  Bunker  
  62  10:21  Bunker  
  62  10:33  Factory Tech Lab x2  
  62  10:35  Thor  
  68  10:52  Unknown  
  68  11:06  Neosteel Armor  
  68  11:14  Unknown  
  68  11:17  SCV  
  68  11:18  Thor  
  69  11:23  SCV  
  77  11:35  SCV  
  78  11:46  Missile Turret  
  78  11:47  SCV  
  78  11:51  SCV  
  79  12:00  SCV  
  80  12:03  SCV  
  80  12:07  Missile Turret  
  81  12:12  SCV  
  82  12:16  Planetary Fortress  
  82  12:27  Missile Turret  
  82  12:34  Weapon Refit  
  82  12:50  Supply Depot  
  82  12:52  Supply Depot  
  82  12:55  Supply Depot  
  82  12:57  Battlecruiser  
  88  13:08  Battlecruiser x2  
  100  13:13  Supply Depot  
  100  13:14  Siege Tank  
  100  13:19  Supply Depot  
  103  13:21  SCV  
  104  13:33  SCV  
  105  13:38  Unknown  
  105  13:45  SCV  
  106  13:50  Siege Tank  
  106  13:51  Siege Tank x2  
  115  13:58  SCV  
  116  14:03  Unknown  
  116  14:10  SCV  
  117  14:20  Marauder x2  
  117  14:23  Siege Tank  
  124  14:28  Battlecruiser  
  130  14:41  Marauder, Marine  
  133  14:45  Terran Infantry Weapons Level 2  
  133  14:46  Terran Infantry Armor Level 2  
  133  14:52  Terran Vehicle Weapons Level 1, Terran Vehicle And Ship Armor Level 1  
  133  14:58  Marine  
  134  15:01  Concussive Shells  
  134  15:02  Marine  
  135  15:09  Cloaking Field  
  135  15:16  SCV  
  135  15:17  SCV  
  137  15:21  Combat Shield  
  137  15:29  SCV x2  
  139  15:41  SCV x2  
  141  15:53  SCV x2  
  143  16:05  SCV x2  
  145  16:20  Siege Tank  
  148  16:42  SCV x2  
  150  16:51  Siege Tank x2  
  150  16:52  Siege Tank  
  159  16:54  SCV x2  
  157  17:02  Hi-Sec Auto Tracking  
  157  17:06  SCV x2  
  159  17:18  SCV  
  159  17:19  SCV  
  161  17:24  Siege Tank  
  164  17:30  SCV, Supply Depot  
  164  17:31  SCV  
  164  17:32  Supply Depot  
  164  17:33  Supply Depot  
  166  17:51  Siege Tank  
  166  17:54  Battlecruiser, Supply Depot x2  
  166  17:57  Supply Depot  
  175  18:07  Sensor Tower  
  175  18:18  Supply Depot  
  175  18:19  Supply Depot  
  175  18:31  Missile Turret  
  175  18:33  Sensor Tower  
  175  18:34  Missile Turret  
  175  18:58  Missile Turret x2, Sensor Tower  
  175  18:59  Battlecruiser x3  
  190  19:23  Missile Turret  
  190  19:27  Missile Turret  
  190  19:45  Missile Turret  
  190  19:50  Missile Turret  
  190  20:03  Battlecruiser  
  196  20:07  Missile Turret  
  196  20:12  Missile Turret  
  196  20:30  Missile Turret  
  196  20:43  Barracks  
  196  20:44  Barracks  
  196  20:53  Supply Depot  
  196  21:02  SCV  
  196  21:03  SCV  
  198  21:15  SCV x2, Supply Depot  
  200  21:34  Supply Depot  
  200  21:36  Supply Depot  
  200  21:37  Supply Depot  
  200  21:50  Terran Vehicle Weapons Level 2, Terran Vehicle And Ship Armor Level 2  
  200  21:51  Terran Ship Weapons Level 1  
  200  21:56  Terran Infantry Weapons Level 3, Terran Infantry Armor Level 3  
  200  21:59  Supply Depot  
  200  22:00  Supply Depot, Corvid Reactor  
  200  22:01  Hyperflight Rotors  
  200  22:05  Rapid Reignition System  
  197  22:22  Supply Depot  
  197  22:24  Supply Depot  
  196  22:44  Supply Depot  
  196  22:48  Supply Depot  
  196  23:01  Advanced Ballistics  
  196  23:08  Supply Depot  
  196  23:13  Supply Depot  
  193  23:33  Supply Depot  
  193  24:09  Battlecruiser  
  187  25:32  Battlecruiser  
  187  25:33  Battlecruiser  
  199  25:39  SCV  
  200  25:59  Missile Turret  
  200  26:00  Missile Turret  
  187  26:19  Missile Turret x2  
  187  26:39  Battlecruiser x2  
  180  27:26  Battlecruiser  
  186  27:43  Battlecruiser  
  186  27:44  Battlecruiser  
  198  29:52  Terran Ship Weapons Level 2  
  198  29:53  Terran Vehicle Weapons Level 3, Terran Vehicle And Ship Armor Level 3  
  198  33:59  Raven  
  181  37:51  Battlecruiser x3  
  160  38:55  Battlecruiser  
  160  38:56  Battlecruiser x2  
  166  40:00  Battlecruiser x3  
  184  41:04  Battlecruiser x3  
Show
View Real Time Build Order
Export as new Build Order

tigro Terran 

Build Orders: 2 Factory 

Get SALT Encoding   

  12  0:04  SCV  
  13  0:16  SCV  
  14  0:24  Supply Depot  
  14  0:28  SCV  
  14  0:32  Refinery  
  15  0:38  Refinery  
  15  0:46  SCV  
  16  0:59  Barracks  
  16  1:03  SCV  
  17  1:15  SCV  
  18  1:27  SCV  
  19  1:35  Supply Depot  
  19  1:39  SCV  
  20  1:48  Barracks  
  20  1:50  Marine  
  21  2:07  Marine  
  22  2:09  Engineering Bay  
  22  2:25  Marine  
  23  2:41  Factory  
  23  2:43  Marine  
  24  2:51  Missile Turret  
  24  2:56  Barracks Tech Lab  
  24  3:01  Marine  
  24  3:02  Orbital Command  
  25  3:14  Missile Turret  
  25  3:19  Marine  
  26  3:27  Factory  
  26  3:29  Factory Tech Lab  
  26  3:36  Marauder  
  28  3:50  Barracks Tech Lab  
  28  3:57  Marauder  
  30  4:17  Supply Depot  
  30  4:33  Supply Depot  
  30  4:39  Marauder, Siege Tank  
  30  4:43  Missile Turret  
  35  4:47  Factory Tech Lab  
  35  4:49  Infernal Pre-Igniter  
  35  4:54  Combat Shield  
  35  5:01  Marauder  
  35  5:02  Marine  
  38  5:20  Marine  
  39  5:31  Missile Turret  
  39  5:34  Missile Turret  
  39  5:37  Marine  
  38  5:51  Missile Turret  
  37  6:08  Mag-Field Accelerator  
  37  6:09  Missile Turret  
  37  6:11  Siege Tank  
  37  6:13  Stimpack  
  40  6:37  Armory  
  40  6:43  Missile Turret, Siege Tank  
  43  6:58  Marauder  
  45  7:19  Marine  
  46  7:30  Terran Infantry Weapons Level 1  
  46  7:41  Supply Depot  
  46  7:53  Concussive Shells  
  46  8:03  Marauder, Siege Tank  
  51  8:12  Missile Turret  
  51  8:24  Marine  
  51  8:25  Terran Vehicle Weapons Level 1  
  52  8:29  Drilling Claws  
  52  8:41  SCV  
  53  8:53  SCV, Missile Turret  
  54  9:05  SCV  
  55  9:21  Missile Turret  
  55  9:24  Terran Infantry Armor Level 1  
  55  9:38  SCV  
  50  9:50  SCV  
  51  10:00  Bunker  
  51  10:19  Terran Vehicle And Ship Armor Level 1  
  51  10:23  Starport  
  51  10:50  Marine  
  51  10:54  Marine  
  53  11:08  Marine  
  54  11:12  Marine  
  55  11:18  Neosteel Armor  
  55  11:27  Fusion Core  
  55  11:33  Starport  
  55  12:14  Terran Ship Weapons Level 1  
  55  12:17  Starport Tech Lab  
  55  12:18  Supply Depot  
  55  12:20  Weapon Refit  
  55  12:39  Medivac, Marine x2  
  56  12:57  Marine x2  
  47  12:58  Hi-Sec Auto Tracking  
  40  13:09  Medivac  
  42  13:15  Marine x2  
  44  13:33  Marine x2  
  46  13:50  Marine  
  46  13:51  Marine  
  46  13:55  Terran Infantry Weapons Level 2  
  48  14:00  Rapid Reignition System  
  48  14:07  Terran Vehicle Weapons Level 2  
  48  14:08  Marine x2  
  50  14:15  Supply Depot  
  50  14:21  Missile Turret  
  50  14:26  Marine x2  
  50  14:31  Starport Tech Lab  
  52  14:44  Marine x2  
  54  14:53  Missile Turret  
  54  14:57  Advanced Ballistics  
  54  15:00  Missile Turret  
  54  15:02  Marine x2  
  56  15:21  Missile Turret  
  56  15:36  Missile Turret  
  56  16:11  Terran Infantry Armor Level 2  
  56  16:18  Marine  
  56  16:22  Marine  
  56  16:23  Terran Ship Weapons Level 2  
  58  16:33  Siege Tank  
  58  16:36  Marine  
  62  16:40  Marine  
  62  16:42  Thor  
  69  16:54  Marine  
  69  16:57  Marine  
  71  17:04  Missile Turret  
  71  17:25  Supply Depot  
  71  17:35  Missile Turret  
  71  17:46  Cyclone, Marine x2  
  76  17:52  Ghost Academy  
  76  18:04  Marine x2  
  78  18:30  Supply Depot  
  78  18:31  Personal Cloaking  
  78  18:39  Terran Vehicle And Ship Armor Level 2  
  78  18:52  Battlecruiser, Siege Tank  
  87  19:07  Missile Turret  
  87  19:16  Supply Depot  
  87  19:38  Cyclone, Siege Tank  
  93  19:39  Missile Turret  
  93  19:56  Enhanced Shockwaves  
  93  20:20  Marine  
  94  20:34  Supply Depot  
  94  20:38  Marine  
  95  20:56  Battlecruiser, Marauder  
  103  21:06  Missile Turret  
  103  21:12  Supply Depot  
  103  21:33  Marine  
  103  21:34  Marauder, Siege Tank  
  109  21:51  Marine  
  110  21:55  Supply Depot  
  110  22:07  Missile Turret  
  110  22:09  Marine  
  111  22:16  Siege Tank  
  111  22:17  Marauder  
  116  22:31  Siege Tank  
  119  22:48  Supply Depot, Corvid Reactor  
  119  23:10  Marauder, Siege Tank  
  124  23:32  Marauder  
  126  23:48  Terran Infantry Weapons Level 3  
  126  24:06  Cloaking Field  
  126  24:21  Supply Depot  
  126  24:42  Siege Tank  
  129  25:08  Terran Vehicle Weapons Level 3  
  129  25:26  Hyperflight Rotors  
  129  26:33  Missile Turret  
  129  27:02  Missile Turret  
  129  27:34  Command Center  
  129  28:51  Missile Turret  
  129  29:04  Refinery  
  129  29:10  Terran Ship Weapons Level 3  
  129  29:13  Terran Infantry Armor Level 3  
  129  29:34  Battlecruiser  
  129  29:36  Thor  
  141  29:57  Marine  
  142  30:01  Marauder  
  144  30:15  Marine  
  142  30:22  Marauder  
  141  30:33  Marine  
  139  30:44  Marauder  
  141  30:51  Marine  
  142  31:05  Marauder  
  142  31:08  Marine  
  145  31:26  Marauder  
  146  31:47  Terran Vehicle And Ship Armor Level 3  
  137  32:59  Planetary Fortress  
  137  33:09  Missile Turret  
  137  33:49  Marauder  
  137  33:55  Marine  
  140  34:02  Thor  
  146  34:10  Marine  
  146  34:13  Marauder  
  146  34:14  Missile Turret  
  149  34:27  SCV  
  150  34:51  Supply Depot  
  150  35:12  Marine  
  150  35:13  SCV, Battlecruiser  
  158  35:21  Missile Turret  
  158  35:31  Supply Depot  
  158  35:48  Refinery  
  158  35:53  Battlecruiser, Marauder  
  158  35:54  Missile Turret  
  166  36:05  Missile Turret  
  166  36:20  Missile Turret  
  166  36:28  Missile Turret  
  166  36:34  Missile Turret  
  166  37:04  SCV, Marine  
  166  37:06  Marauder  
  152  37:16  SCV  
  99  37:49  SCV  
  99  37:50  Marine  
  99  37:51  Marauder  
  59  38:37  Engineering Bay  
  38  39:14  Missile Turret  
  22  39:34  Missile Turret  
  22  39:38  Missile Turret  
  22  40:06  Missile Turret  
  22  40:13  Missile Turret  
  21  40:27  Supply Depot  
  21  40:31  Missile Turret  
  21  40:46  Missile Turret  
  19  40:58  Missile Turret  
Show
View Real Time Build Order
Export as new Build Order

IA (Difícil) Terran 

Build Orders:  

Get SALT Encoding   

  12  0:01  SCV  
  13  0:13  SCV  
  14  0:20  Supply Depot  
  14  0:25  SCV  
  15  0:41  SCV  
  16  0:47  Barracks  
  16  0:50  Refinery  
  16  0:53  SCV  
  17  1:05  SCV  
  18  1:18  SCV  
  19  1:23  Supply Depot  
  19  1:30  SCV  
  20  1:33  Marine  
  21  1:44  Barracks  
  21  1:45  Orbital Command  
  21  1:52  Refinery, Barracks Tech Lab  
  21  2:02  Factory  
  21  2:11  Marine  
  22  2:22  Supply Depot  
  22  2:28  Marine  
  23  2:31  Marine  
  24  2:46  Marine  
  24  2:49  Marine  
  24  2:50  Hellion  
  28  2:58  Supply Depot  
  28  3:04  Marine  
  29  3:11  SCV  
  29  3:12  Hellion  
  32  3:23  SCV  
  32  3:24  Engineering Bay  
  33  3:33  Hellion  
  35  3:35  SCV  
  35  3:39  Supply Depot  
  36  3:47  SCV  
  37  3:55  Hellion  
  39  3:59  SCV  
  40  4:11  SCV  
  40  4:16  Hellion  
  43  4:41  Barracks Tech Lab  
  43  4:44  SCV, Marauder  
  46  4:47  Factory, Factory Tech Lab  
  46  4:52  Starport  
  46  4:53  Stimpack  
  46  4:55  Starport  
  46  4:57  SCV  
  46  4:58  Supply Depot  
  46  4:59  Combat Shield  
  47  5:04  Terran Infantry Weapons Level 1  
  47  5:06  Widow Mine  
  49  5:14  Marine  
  50  5:22  Marauder  
  52  5:29  Starport Tech Lab  
  52  5:31  Supply Depot, Starport Tech Lab, Factory Tech Lab  
  52  5:32  Marauder  
  37  5:43  Marine  
  37  5:48  Siege Tank  
  41  5:55  Marine  
  45  6:04  Siege Tank  
  45  6:12  Marine  
  45  6:18  Concussive Shells  
  46  6:20  Missile Turret, Marine  
  47  6:27  Missile Turret  
  47  6:30  Marine  
  48  6:38  Raven, Marine  
  51  6:48  Marine  
  51  6:50  Barracks  
  54  6:54  Widow Mine  
  54  6:57  Bunker  
  54  6:58  Terran Infantry Armor Level 1  
  54  7:16  Raven  
  56  7:38  Sensor Tower  
  56  7:55  Armory  
  56  8:03  Barracks Reactor  
  56  8:39  Medivac, Marine  
  59  8:44  Supply Depot, Banshee  
  62  8:48  Marine  
  62  8:53  Marine  
  64  8:57  Marine  
  63  9:04  Marine  
  63  9:08  Marine  
  63  9:09  SCV, Medivac  
  62  9:13  Marine  
  63  9:26  Medivac  
  63  9:29  Engineering Bay, Marine  
  62  9:33  Marine  
  62  9:38  Marine  
  59  9:42  Marine  
  61  9:47  Marine  
  62  10:06  Marauder  
  66  10:10  Marauder  
  68  10:22  Raven  
  68  10:30  Cyclone  
  68  10:35  Supply Depot  
  71  10:47  Banshee  
  74  11:19  Terran Infantry Weapons Level 2  
  74  11:23  SCV  
  74  11:27  Marauder  
  70  11:44  Medivac  
  72  12:13  Marine  
  73  12:15  Marine  
  73  12:18  Marine  
  73  12:20  Ghost Academy, Marine  
  76  12:23  Supply Depot  
  76  12:31  Marine  
  76  12:33  Marine  
  76  12:36  Marine  
  79  12:38  Marine  
  79  12:49  Supply Depot, Marine  
  77  12:51  SCV  
  77  12:52  Marauder  
  77  12:54  Marine  
  77  12:56  Marine  
  79  13:06  Marine  
  79  13:12  Marine  
  81  13:13  Marauder  
  81  13:14  Marine  
  81  13:17  Supply Depot  
  84  13:24  Marine  
  85  13:34  Ghost  
  85  13:37  Terran Infantry Armor Level 2  
  87  13:43  Marauder  
  89  14:00  Terran Vehicle Weapons Level 1  
  89  14:02  Ghost  
  89  14:04  Marauder  
  89  14:05  SCV  
  89  14:17  Marine  
  90  14:35  SCV  
  90  14:40  Marine  
  90  14:42  Marine  
  90  14:45  Marine  
  79  14:47  Marine  
  79  14:58  Marine  
  80  15:00  Marine  
  80  15:02  Marine  
  80  15:05  Marine  
  83  15:15  Marine  
  83  15:18  Marine  
  83  15:20  Marine  
  85  15:23  Marine  
  86  15:33  Ghost  
  88  15:36  Marine  
  88  15:38  Hellion, Marine  
  88  15:42  Supply Depot, Siege Tank  
  94  15:58  Terran Vehicle And Ship Armor Level 1  
  94  16:00  Hellion  
  94  16:01  SCV  
  74  16:04  Medivac  
  73  16:15  Hellion  
  75  16:21  Hellion  
  71  16:26  Marine  
  71  16:29  Marine  
  71  16:32  Marine  
  66  16:34  SCV  
  66  16:35  Marine  
  66  16:39  Hellion  
  69  16:42  Siege Tank  
  69  16:43  Missile Turret  
  69  16:46  Marine  
  69  16:47  SCV  
  64  16:49  Marine  
  64  16:50  Medivac  
  64  16:52  Marine  
  45  16:55  Marine  
  45  16:59  SCV  
  27  17:04  Marine  
  27  17:07  Marine  
  21  17:10  Marine  
  21  17:11  SCV  
  21  17:13  Viking, Marine  
  21  17:14  Missile Turret  
  19  17:21  Marine  
  16  17:23  SCV  
  16  17:24  Marine  
  16  17:26  Hellion  
  16  17:28  Marine  
  18  17:31  Marine  
  18  17:33  Viking  
  13  17:42  Marine  
  13  17:46  Marine  
  13  17:49  Hellion, Marine  
  10  17:58  Viking  
Show
View Real Time Build Order
Export as new Build Order

IA (Difícil) Zerg 

Build Orders: 1 Base Baneling Bust, Pool First 

Get SALT Encoding   

  12  0:01  Drone  
  13  0:11  Overlord  
  13  0:16  Drone  
  14  0:29  Drone  
  14  0:31  Drone  
  16  0:41  Spawning Pool  
  15  0:43  Drone  
  15  0:47  Drone  
  17  0:50  Extractor  
  17  0:55  Drone  
  17  1:05  Overlord  
  17  1:30  Zergling x2  
  17  1:31  Queen  
  20  1:33  Roach Warren  
  20  1:37  Drone  
  20  1:38  Extractor  
  20  1:39  Drone  
  20  1:49  Zergling x2  
  21  1:59  Drone  
  22  2:09  Overlord  
  22  2:20  Drone  
  23  2:31  Roach  
  25  2:37  Overlord  
  25  2:38  Drone  
  26  2:44  Roach  
  26  2:45  Drone  
  29  2:56  Drone  
  30  3:01  Ravager, Baneling Nest  
  30  3:04  Roach  
  32  3:09  Overlord  
  32  3:12  Drone  
  33  3:15  Drone  
  33  3:17  Roach  
  36  3:25  Evolution Chamber  
  36  3:26  Drone  
  36  3:30  Ravager  
  36  3:31  Ravager  
  38  3:37  Roach  
  40  3:42  Drone  
  40  3:44  Drone  
  40  3:46  Overlord  
  42  3:50  Drone  
  43  4:00  Roach  
  45  4:13  Roach  
  47  4:26  Roach  
  49  5:31  Zergling x2  
  48  5:44  Zergling x2  
  49  6:01  Lair  
  49  6:02  Drone  
  49  6:03  Overlord, Zerg Melee Weapons Level 1, Evolution Chamber, Roach  
  52  6:04  Drone  
  52  6:08  Spore Crawler, Drone  
  52  6:12  Spore Crawler, Roach, Drone  
  53  6:21  Roach  
  53  6:22  Drone  
  53  6:23  Overlord  
  56  6:28  Zerg Ground Armor Level 1  
  56  6:29  Roach  
  58  6:38  Roach  
  58  6:39  Spine Crawler  
  59  6:41  Overlord, Drone  
  59  6:45  Spine Crawler  
  59  6:51  Drone  
  60  6:58  Queen, Roach  
  60  6:59  Overseer  
  60  7:00  Overseer  
  53  7:03  Hydralisk Den  
  53  7:05  Drone  
  53  7:08  Infestation Pit, Drone  
  53  7:31  Spire  
  53  7:32  Hydralisk, Drone  
  53  7:34  Burrow  
  55  7:40  Hydralisk  
  57  7:49  Hydralisk  
  59  7:57  Zerg Missile Weapons Level 1  
  59  7:58  Hydralisk  
  62  10:21  Zergling x2  
  62  10:23  Pneumatized Carapace  
  62  10:25  Mutalisk  
  62  10:27  Overseer  
  62  10:28  Overlord, Mutalisk  
  64  10:32  Zergling x2  
  64  10:33  Overseer  
  64  10:35  Zergling x2  
  68  10:38  Mutalisk  
  68  10:39  Hatchery  
  68  10:41  Mutalisk  
  71  10:45  Zergling x2  
  71  10:48  Zergling x2, Overlord  
  73  10:51  Zergling x2  
  73  10:54  Zergling x2  
  75  10:57  Baneling  
  75  11:00  Baneling  
  75  11:03  Mutalisk  
  75  11:08  Mutalisk, Drone  
  75  11:10  Overlord  
  75  11:11  Mutalisk  
  80  11:15  Zergling x2  
  80  11:17  Mutalisk  
  85  11:21  Zergling x2  
  85  11:24  Zergling x2, Baneling  
  82  11:27  Baneling  
  58  11:34  Overseer  
  58  11:55  Hive  
  58  12:03  Zergling x2  
  58  12:40  Metabolic Boost  
  58  12:59  Overseer  
  58  13:08  Viper  
  61  13:17  Centrifical Hooks  
  61  13:45  Zerg Melee Weapons Level 2  
  61  14:28  Ultralisk Cavern  
  60  14:43  Zergling x2  
  32  15:07  Hydralisk  
  34  15:15  Ultralisk  
  40  15:44  Ultralisk  
  46  16:21  Ultralisk  
  52  16:30  Hydralisk  
  54  16:38  Hydralisk  
  54  16:39  Drone  
  57  16:49  Overseer  
  57  17:26  Ultralisk  
  63  17:35  Overseer  
  63  17:42  Roach  
  65  17:45  Roach  
  65  17:48  Overlord, Roach  
  69  17:53  Roach  
  69  17:57  Roach  
  73  18:04  Roach  
  75  18:09  Overlord  
  75  18:29  Infestor  
  77  18:35  Zergling x2  
  74  18:49  Roach  
  74  18:53  Roach  
  78  18:58  Roach  
  78  19:02  Overlord, Roach  
  82  19:06  Roach  
  84  19:11  Roach  
  86  19:20  Hydralisk  
  88  19:29  Hydralisk  
  90  19:31  Overlord  
  90  19:38  Hydralisk  
  92  19:56  Hydralisk  
  92  19:58  Hydralisk  
  78  20:06  Hydralisk  
  80  20:33  Overseer  
  80  20:43  Infestor  
  75  21:01  Mutalisk  
  69  21:20  Mutalisk  
  55  21:38  Mutalisk  
  57  21:57  Corruptor  
  59  22:26  Greater Spire  
  59  23:06  Overseer  
  59  23:38  Brood Lord, Corruptor  
  63  23:56  Viper  
  63  23:59  Zergling x4  
  63  24:00  Zergling x4  
  63  24:01  Zergling x4  
  63  24:02  Zergling x6, Overlord  
  75  24:03  Zergling x2  
  76  24:21  Baneling  
  76  24:22  Zergling x2, Baneling x2  
  76  24:23  Zergling x2, Baneling  
  78  24:33  Mutalisk  
  80  24:53  Mutalisk  
  80  24:54  Overlord  
  64  25:10  Mutalisk  
  58  25:19  Overseer  
  58  25:38  Mutalisk  
  60  25:55  Mutalisk  
  60  25:57  Overlord  
  62  26:14  Mutalisk  
  64  26:30  Overlord  
  64  26:38  Overseer  
  61  26:47  Overseer  
  61  26:52  Zergling x2, Baneling  
  62  26:56  Baneling  
  62  27:01  Zergling x2, Baneling  
  63  27:05  Overlord  
  63  27:09  Overseer  
  63  27:16  Baneling  
  63  27:20  Roach  
  65  27:28  Hydralisk  
  53  27:56  Corruptor  
  55  28:19  Roach  
  57  28:26  Roach  
  59  28:28  Overlord  
  59  28:32  Brood Lord  
  59  28:33  Hydralisk  
  63  29:00  Infestor  
  65  29:28  Overlord, Corruptor  
  67  30:00  Swarm Host  
  70  30:08  Brood Lord  
  70  30:10  Overseer  
  72  30:20  Roach  
  74  30:24  Overlord  
  74  30:26  Roach  
  76  30:33  Roach  
  78  30:39  Hydralisk  
  80  30:45  Hydralisk  
  80  30:46  Overlord  
  82  31:14  Infestor  
  84  31:38  Corruptor  
  86  31:50  Mutalisk  
  88  32:09  Corruptor  
  88  32:10  Overlord  
  90  32:19  Overseer  
  90  32:27  Hydralisk  
  82  32:32  Zergling x2  
  82  32:35  Zergling x2  
  66  32:38  Queen  
  66  32:39  Zergling x2, Queen  
  66  32:42  Hydralisk  
  54  32:46  Zergling x2  
  54  32:50  Roach  
  56  32:53  Zergling x2  
  56  32:57  Zergling x2  
  56  32:58  Roach Warren  
  38  33:00  Zergling x2  
  38  33:06  Spawning Pool  
  38  33:11  Drone  
  32  33:16  Drone  
  28  33:23  Drone  
  28  33:24  Drone  
  28  33:26  Drone  
  11  33:27  Drone  
  11  33:28  Drone  
  11  33:30  Drone  
  11  33:31  Drone  
  11  33:33  Drone  
  11  33:34  Drone  
  11  33:36  Drone  
  11  33:37  Drone  
  11  33:39  Drone  
  11  33:40  Overlord, Roach, Drone  
  12  33:41  Drone  
  12  33:44  Overlord  
Show
View Real Time Build Order
Export as new Build Order

IA (Difícil) Zerg 

Build Orders: 1 Base Baneling Bust, Pool First 

Get SALT Encoding   

  12  0:01  Drone  
  13  0:12  Overlord  
  13  0:18  Drone  
  14  0:30  Drone  
  14  0:32  Drone  
  16  0:43  Spawning Pool  
  16  0:46  Drone  
  16  0:50  Drone  
  16  0:52  Extractor  
  16  0:56  Drone  
  17  1:06  Overlord  
  17  1:31  Zergling x2  
  17  1:32  Queen  
  20  1:37  Zergling x2  
  20  1:38  Drone  
  22  1:40  Roach Warren  
  22  1:42  Extractor  
  20  1:49  Drone  
  21  2:00  Drone  
  22  2:10  Overlord  
  22  2:21  Drone  
  23  2:32  Roach  
  25  2:38  Roach, Drone  
  25  2:42  Overlord  
  28  2:44  Roach  
  30  2:54  Roach  
  32  3:05  Roach  
  34  3:11  Roach  
  36  3:14  Overlord  
  36  3:16  Roach  
  36  3:18  Drone  
  39  3:28  Roach  
  39  3:31  Baneling Nest  
  40  3:38  Evolution Chamber, Drone  
  40  3:42  Drone  
  40  3:43  Drone  
  43  3:48  Drone  
  43  3:52  Drone  
  44  4:01  Drone  
  45  4:12  Drone  
  46  4:48  Lair, Overlord  
  46  4:50  Zerg Melee Weapons Level 1, Drone  
  46  4:51  Evolution Chamber  
  46  4:52  Drone  
  47  4:54  Drone  
  48  5:16  Zerg Missile Weapons Level 1  
  47  5:39  Spore Crawler, Drone  
  47  5:46  Zergling x2, Spore Crawler, Overseer  
  47  5:48  Burrow  
  47  5:49  Overseer  
  40  5:50  Hydralisk Den  
  40  5:51  Drone  
  40  5:52  Drone  
  41  5:57  Roach  
  41  6:06  Roach  
  43  6:14  Roach  
  45  6:21  Spine Crawler  
  45  6:23  Drone  
  45  6:24  Roach  
  47  6:30  Spine Crawler  
  47  6:32  Hydralisk, Drone  
  49  6:40  Hydralisk  
  49  6:42  Overlord  
  49  6:44  Zerg Ground Armor Level 1  
  51  6:49  Hydralisk  
  51  6:52  Infestation Pit  
  53  6:54  Drone  
  53  6:57  Hydralisk  
  53  6:59  Queen  
  57  7:06  Drone, Spire  
  57  8:45  Pneumatized Carapace  
  57  8:47  Overseer  
  57  8:48  Overlord, Roach, Zerg Melee Weapons Level 2  
  59  8:52  Roach  
  61  8:56  Hydralisk  
  61  9:01  Hydralisk  
  65  9:05  Infestor  
  67  9:25  Zerg Ground Armor Level 2  
  67  9:30  Hatchery  
  66  9:31  Drone  
  66  9:34  Zergling x2  
  61  9:39  Roach  
  61  9:43  Roach  
  53  9:47  Roach  
  53  9:52  Roach  
  57  9:56  Roach  
  59  10:01  Roach  
  59  10:05  Roach  
  63  10:09  Hydralisk  
  65  10:17  Hydralisk  
  67  11:12  Pathogen Glands  
  67  11:26  Zerg Missile Weapons Level 2  
  67  11:30  Glial Reconstitution  
  67  11:49  Zerg Flyer Weapons Level 1  
  67  12:26  Overlord, Hive  
  67  12:47  Zergling x2  
  33  13:40  Hydralisk  
  35  13:43  Ultralisk Cavern  
  35  13:48  Zergling x2  
  34  13:52  Zergling x2  
  34  13:55  Hydralisk  
  35  13:59  Overlord  
  35  14:00  Roach  
  37  14:04  Zergling x2  
  37  14:06  Queen  
  37  14:07  Mutalisk  
  37  14:11  Hydralisk  
  37  14:15  Hydralisk  
  37  14:18  Hydralisk  
  37  14:19  Spore Crawler  
  37  14:20  Drone  
  37  14:23  Zergling x2  
  37  14:24  Drone  
  30  14:25  Overlord  
  30  14:26  Drone  
  30  14:27  Roach  
  30  14:28  Drone  
  30  14:30  Hydralisk  
  33  14:34  Zergling x2, Drone  
  33  14:36  Drone  
  29  14:38  Zergling x2  
  29  14:39  Drone  
  29  14:40  Drone  
  29  14:43  Zergling x2  
  29  14:44  Evolution Chamber  
  25  14:48  Drone  
  15  14:59  Drone  
  4  15:07  Drone  
  4  15:08  Zergling x2  
  4  15:09  Drone  
  4  15:12  Zergling x2  
Show
View Real Time Build Order
Export as new Build Order

IA (Difícil) Zerg 

Build Orders: 1 Base Baneling Bust, Pool First 

Get SALT Encoding   

  12  0:01  Drone  
  13  0:12  Overlord  
  13  0:17  Drone  
  14  0:30  Drone  
  14  0:31  Drone  
  16  0:42  Spawning Pool  
  15  0:43  Drone  
  15  0:47  Drone  
  17  0:50  Extractor  
  17  0:55  Drone  
  17  1:06  Overlord  
  17  1:31  Zergling x4, Queen  
  21  1:33  Roach Warren  
  21  1:38  Drone  
  21  1:41  Extractor  
  21  1:45  Baneling Nest  
  19  1:49  Drone  
  20  1:59  Drone  
  21  2:10  Drone  
  22  2:21  Zergling x2  
  23  2:28  Baneling  
  23  2:29  Baneling  
  23  2:30  Baneling  
  23  2:31  Zergling x2  
  24  2:39  Zergling x4, Drone  
  28  2:44  Zergling x2  
  28  2:54  Drone  
  29  3:05  Zergling x2  
  30  3:09  Overlord  
  30  3:10  Baneling  
  30  3:16  Baneling  
  30  3:21  Baneling  
  30  3:27  Zergling x2  
  30  3:28  Zergling x4  
  30  3:33  Evolution Chamber  
  32  3:38  Drone  
  34  3:41  Overlord, Drone  
  34  3:42  Zergling x2  
  35  3:50  Drone  
  36  4:01  Drone  
  37  4:11  Drone  
  37  4:13  Drone  
  37  4:15  Drone  
  37  4:16  Overlord  
  40  4:31  Roach  
  40  4:34  Evolution Chamber  
  40  4:36  Overlord  
  41  4:40  Lair  
  41  4:45  Roach  
  43  4:48  Drone  
  44  4:53  Roach  
  44  4:57  Drone  
  47  5:00  Drone  
  46  5:10  Roach  
  46  5:11  Metabolic Boost  
  43  5:17  Zerg Melee Weapons Level 1  
  43  5:27  Zerg Ground Armor Level 1  
  38  5:38  Burrow  
  38  5:39  Zergling x2  
  38  5:41  Hydralisk Den  
  38  5:43  Drone  
  38  5:48  Roach  
  43  5:57  Roach  
  43  6:05  Roach  
  45  6:12  Overseer  
  45  6:14  Roach, Overseer  
  47  6:22  Hydralisk  
  47  6:23  Spore Crawler  
  48  6:26  Drone  
  48  6:30  Spore Crawler  
  48  6:31  Hydralisk  
  50  6:33  Drone  
  50  6:39  Hydralisk  
  51  6:43  Overlord  
  53  6:48  Hydralisk  
  53  6:49  Queen  
  53  6:52  Infestation Pit  
  53  6:53  Drone  
  57  7:03  Spine Crawler  
  57  7:05  Drone  
  57  7:09  Spine Crawler  
  57  7:10  Drone  
  57  7:11  Zerg Missile Weapons Level 1  
  57  7:21  Spire  
  56  7:23  Drone  
  57  8:37  Overlord, Hive  
  57  8:57  Roach x2  
  57  9:01  Zergling x2  
  57  9:08  Overseer  
  57  9:09  Overlord  
  43  9:33  Hydralisk  
  35  9:38  Overseer  
  35  9:53  Hydralisk  
  35  9:54  Pneumatized Carapace  
  37  10:02  Hydralisk  
  39  10:16  Overseer  
  39  11:09  Hatchery  
  38  11:12  Drone  
  39  11:19  Overseer  
  39  11:20  Overlord  
  39  11:47  Overlord  
  39  11:54  Hydralisk  
  41  12:03  Hydralisk  
  43  12:12  Hydralisk  
  45  12:28  Roach  
  47  12:31  Roach  
  49  12:41  Ultralisk Cavern  
  48  12:45  Roach  
  48  12:48  Roach  
  51  12:51  Zergling x2  
  51  12:56  Ravager, Roach  
  47  12:59  Ravager, Hydralisk  
  47  13:01  Drone  
  47  13:03  Roach  
  53  13:06  Roach  
  53  13:09  Roach  
  53  13:12  Roach  
  59  13:15  Roach  
  59  13:18  Ravager  
  59  13:19  Ravager, Hydralisk  
  65  13:23  Overlord, Roach  
  65  13:26  Roach  
  69  13:29  Ultralisk  
  69  13:31  Hydralisk  
  77  13:35  Ravager  
  77  13:36  Roach  
  80  13:43  Hydralisk  
  80  13:44  Overlord  
  82  14:11  Infestor  
  84  14:39  Zerg Melee Weapons Level 2  
  84  15:04  Overlord, Overseer  
  84  15:27  Ultralisk, Overlord  
  90  15:54  Zergling x2  
  87  16:02  Ultralisk  
  85  16:40  Ultralisk, Overlord  
  85  16:48  Overseer  
  85  16:58  Overseer  
  83  17:09  Zergling x2  
  80  17:35  Ultralisk  
  86  18:00  Zergling x2  
  86  18:12  Ultralisk, Overlord  
  92  18:40  Hydralisk  
  88  18:48  Hydralisk  
  67  18:49  Overseer  
  67  18:55  Hydralisk  
  69  19:16  Greater Spire  
  69  19:34  Corruptor  
  71  19:52  Zergling x2  
  65  20:29  Brood Lord, Corruptor  
  63  21:03  Brood Lord  
  43  21:15  Corruptor  
  45  21:57  Brood Lord, Corruptor  
  49  22:18  Infestor  
  51  23:12  Zergling x2  
  51  23:18  Corruptor  
  49  23:43  Ultralisk  
  55  23:52  Hydralisk  
  57  24:02  Brood Lord  
  59  24:28  Ultralisk  
  65  25:05  Ultralisk  
  71  25:14  Hydralisk  
  73  25:22  Hydralisk  
  75  26:00  Ultralisk  
  81  26:26  Corruptor  
  83  26:40  Zergling x2  
  83  26:43  Overlord, Overseer  
  83  26:45  Overseer  
  81  26:47  Overlord  
  81  26:50  Overlord  
  63  27:05  Infestor  
  51  27:37  Brood Lord  
  53  27:56  Corruptor  
  55  28:33  Brood Lord  
  57  28:50  Corruptor  
  59  29:23  Brood Lord  
  61  29:36  Corruptor  
  63  29:53  Overseer  
  63  29:55  Hydralisk  
  65  30:23  Zergling x2  
  65  30:28  Overlord  
  37  30:33  Ultralisk  
  43  30:49  Hydralisk  
  42  30:54  Zergling x2  
  42  30:56  Overlord  
  43  30:57  Hydralisk  
  43  31:01  Zergling x2  
  44  31:05  Roach  
  44  31:12  Spawning Pool  
  44  31:14  Hydralisk  
  44  31:17  Hydralisk  
  38  31:20  Evolution Chamber  
  38  31:24  Hydralisk  
  38  31:25  Drone  
  30  31:34  Drone  
  30  31:36  Drone  
  30  31:37  Drone  
  30  31:38  Drone  
  16  31:40  Drone  
  16  31:42  Queen  
  12  31:47  Drone  
Show
View Real Time Build Order
Export as new Build Order

IA (Difícil) Terran 

Build Orders:  

Get SALT Encoding   

  12  0:01  SCV  
  13  0:13  SCV  
  14  0:19  Supply Depot  
  14  0:25  SCV  
  15  0:41  SCV  
  16  0:47  Barracks  
  16  0:48  Refinery  
  16  0:53  SCV  
  17  1:05  SCV  
  18  1:17  SCV  
  19  1:19  Supply Depot  
  19  1:30  SCV  
  20  1:33  Marine  
  20  1:39  Barracks  
  21  1:41  Orbital Command  
  21  1:47  Refinery  
  21  1:52  Barracks Tech Lab  
  21  2:05  Supply Depot  
  21  2:10  Marine  
  22  2:28  Marine  
  23  2:31  Marine  
  24  2:39  Supply Depot  
  24  2:45  Marine  
  24  2:49  Marine  
  26  3:04  Marauder  
  28  3:07  Marine  
  29  3:14  Supply Depot  
  29  3:15  SCV  
  30  3:25  Marine  
  31  3:27  SCV, Engineering Bay  
  31  3:28  Marine  
  33  3:39  SCV  
  34  3:42  Marine  
  34  3:46  Marine  
  36  3:51  SCV  
  37  4:00  Marine  
  38  4:03  SCV  
  39  4:15  SCV  
  40  4:19  Marauder  
  42  4:40  Marauder  
  44  4:54  SCV  
  44  5:01  Marauder  
  46  5:23  Marauder  
  48  6:22  Barracks Tech Lab  
  48  6:25  SCV, Stimpack  
  49  6:26  Terran Infantry Weapons Level 1, Factory  
  49  6:29  Factory  
  49  6:32  Supply Depot  
  49  6:36  Missile Turret  
  49  6:37  SCV  
  50  6:40  Concussive Shells, Missile Turret  
  50  6:45  Barracks  
  50  6:57  Supply Depot  
  50  7:04  Bunker  
  50  7:10  Widow Mine  
  49  7:17  Starport  
  49  7:18  Widow Mine  
  51  7:22  Starport  
  51  7:23  Combat Shield  
  51  7:26  Marine  
  50  7:33  Factory Tech Lab  
  50  7:34  Marine  
  50  7:35  SCV  
  49  7:40  Factory Tech Lab  
  49  7:42  Marine  
  42  7:47  SCV  
  42  7:50  Marine  
  37  7:58  Marine, Sensor Tower  
  37  7:59  SCV  
  37  8:01  Starport Tech Lab  
  30  8:07  Starport Tech Lab, Widow Mine  
  30  8:11  SCV  
  31  8:14  Marine  
  28  8:21  Raven, Terran Infantry Armor Level 1  
  28  8:23  SCV, Marine  
  28  8:25  Raven  
  31  8:31  Widow Mine  
  32  8:35  SCV  
  32  8:37  Armory  
  32  8:39  Siege Tank  
  34  8:47  Marine  
  34  8:48  SCV  
  35  8:50  Barracks Reactor  
  35  8:56  Marauder  
  35  9:00  SCV  
  38  9:05  Marine  
  39  9:12  SCV  
  39  9:16  Marine  
  40  9:23  Marauder  
  44  9:24  SCV  
  44  9:27  Marine  
  45  9:36  SCV, Marauder  
  48  9:44  Siege Tank  
  51  9:48  SCV  
  51  9:52  Widow Mine  
  54  10:00  Marine  
  55  10:09  Marine  
  56  10:17  Marine  
  57  10:34  Viking  
  57  10:35  Medivac  
  61  10:38  Supply Depot  
  60  11:00  Engineering Bay  
  56  11:04  Liberator  
  56  11:05  Medivac  
  56  11:08  Marine  
  52  11:16  Marine  
  45  11:24  Marine  
  40  11:31  Marine  
  41  11:34  Raven  
  41  11:39  Marine  
  44  11:46  Marine  
  40  11:47  Medivac  
  39  11:54  Marine  
  34  12:02  Marauder  
  35  12:13  Marauder  
  37  12:16  Marine  
  37  12:17  Raven  
  40  12:23  Marine  
  41  12:31  Marine  
  42  12:38  Marine  
  43  12:45  Marine  
  44  12:53  Siege Tank  
  49  13:07  Liberator  
  52  13:21  Viking  
  52  13:26  SCV  
  53  13:38  SCV  
  54  13:50  Medivac  
  54  13:51  Medivac  
  60  14:17  Marauder  
  60  14:20  Raven  
  63  14:24  Marauder  
  63  14:40  Marine  
  59  14:47  Marine  
  59  14:54  Marine  
  60  15:00  Liberator  
  60  15:02  Marine  
  60  15:04  Marine  
  60  15:05  Supply Depot  
  65  15:07  Marine  
  65  15:12  Marine  
  66  15:20  Marine  
  67  15:22  Marine  
  67  15:24  Marine  
  69  15:28  Ghost Academy  
  69  15:30  Supply Depot, Marine  
  70  15:37  Marine  
  70  15:40  Marine  
  72  15:43  Marauder  
  72  15:48  Marine  
  73  15:53  SCV  
  73  15:55  Marine  
  68  15:57  Supply Depot  
  68  15:58  Marine  
  58  16:04  Marauder  
  58  16:05  SCV  
  58  16:06  Marine  
  58  16:13  Marine  
  58  16:14  Medivac  
  58  16:15  Marine  
  62  16:24  Marine  
  63  16:26  Marauder  
  63  16:31  Marine  
  66  16:33  Marine  
  66  16:34  Medivac  
  69  16:41  Marine  
  70  16:47  Marauder  
  70  16:48  Ghost  
  70  16:51  Marine  
  75  16:59  Marine  
  78  17:08  Marauder  
  78  17:09  Marine  
  79  17:17  Marine  
  80  17:23  Raven  
  84  17:30  Marauder  
  84  17:36  Marauder  
  88  17:51  Marauder  
  88  17:56  Ghost  
  90  18:22  SCV  
  90  18:28  Terran Infantry Weapons Level 2  
  90  18:29  Hellion  
  90  18:32  Supply Depot, Hellion  
  93  18:51  Siege Tank  
  96  18:56  Hellion  
  96  19:17  Hellion, Marine  
  78  19:20  Marine  
  78  19:23  Marine  
  72  19:25  Marine  
  73  19:34  Marine  
  73  19:35  Siege Tank  
  73  19:37  Marine  
  81  19:38  Siege Tank  
  81  19:41  Marine  
  81  19:45  Marine  
  83  19:52  Marine  
  84  20:13  Siege Tank  
  87  20:42  Medivac  
  89  21:05  Siege Tank  
  92  21:28  Siege Tank  
  95  22:05  Thor  
  95  22:07  Supply Depot  
  101  22:24  Cyclone  
  99  22:48  Siege Tank  
  101  23:20  Siege Tank  
  101  23:24  Marine  
  87  23:29  Marine  
  87  23:33  Marine  
  87  23:38  Marine  
  88  23:42  Marine  
  88  23:47  Marine  
  84  23:51  Marine  
  85  24:00  Marine x2  
  87  24:04  Marine  
  87  24:09  Siege Tank  
  91  24:13  Siege Tank  
  94  24:41  Siege Tank  
  97  25:08  Thor  
  103  25:25  Marine  
  104  25:29  Supply Depot, Marine  
  104  25:33  Hellion  
  107  25:51  Siege Tank  
  107  25:55  Siege Tank  
  113  25:58  Supply Depot  
  113  26:02  Marine  
  108  26:11  Marine  
  98  26:15  Marine  
  77  26:18  Marine  
  77  26:22  Marine  
  73  26:28  Marine  
  65  26:32  Marine  
  65  26:36  Marine  
  65  26:37  Hellion  
  69  26:40  Marine  
  69  26:46  Marine  
  71  26:48  Siege Tank  
  74  26:59  Hellion  
  76  27:20  Hellion, Siege Tank  
  81  27:41  Siege Tank  
  84  27:52  Siege Tank  
  87  28:14  Siege Tank  
  90  28:36  Marine  
  90  28:40  Hellion  
  81  28:43  Viking  
  81  28:47  Hellion  
  68  28:51  Marine  
  68  28:54  Marine  
  68  28:55  SCV  
  42  29:07  SCV  
  42  29:09  Marine  
  39  29:12  Marine  
  39  29:13  Viking  
  29  29:19  SCV  
  29  29:22  Hellion  
  21  29:28  Marine  
  21  29:29  Engineering Bay  
  19  29:35  Bunker  
Show
View Real Time Build Order
Export as new Build Order

IA (Difícil) Protoss 

Build Orders:  

Get SALT Encoding   

  12  0:01  Probe  
  13  0:13  Probe  
  14  0:20  Pylon  
  14  0:25  Probe  
  15  0:34  Probe  
  15  0:42  Probe  
  16  0:46  Assimilator  
  16  0:49  Gateway  
  17  0:52  Probe  
  18  1:00  Probe  
  18  1:03  Pylon  
  19  1:16  Probe  
  20  1:38  Zealot  
  22  1:40  Gateway  
  22  1:43  Cybernetics Core  
  22  1:44  Assimilator  
  22  2:01  Pylon  
  22  2:09  Stalker  
  24  2:23  Warp Gate  
  24  2:33  Zealot  
  26  2:44  Stalker  
  26  2:51  Pylon  
  28  3:00  Stalker  
  30  3:06  Stalker  
  31  3:12  Probe  
  33  3:22  Pylon  
  33  3:25  Probe  
  34  3:30  Stalker  
  36  3:37  Probe  
  36  3:41  Adept  
  39  3:45  Forge  
  39  3:49  Probe  
  40  4:00  Stalker  
  40  4:01  Probe  
  43  4:09  Probe  
  44  4:18  Adept  
  46  5:09  Zealot  
  44  5:22  Zealot  
  46  5:41  Probe  
  46  5:59  Protoss Ground Weapons Level 1  
  46  6:08  Sentry  
  46  6:09  Probe  
  49  6:13  Gateway  
  49  6:19  Stalker, Pylon  
  49  6:21  Probe  
  49  6:22  Twilight Council  
  50  6:26  Photon Cannon  
  50  6:27  Photon Cannon  
  50  6:32  Sentry, Robotics Facility  
  50  6:34  Forge  
  50  6:37  Probe  
  50  6:42  Stalker, Pylon  
  52  6:49  Blink  
  52  6:55  Sentry  
  52  6:58  Stargate  
  54  7:05  Adept  
  54  7:07  Protoss Ground Armor Level 1  
  46  7:15  Stalker  
  46  7:20  Observer  
  45  7:26  Adept  
  45  7:27  Probe  
  45  7:36  Sentry  
  37  7:39  Probe  
  37  7:40  Photon Cannon  
  37  7:41  Observer  
  33  7:47  Stalker  
  30  7:51  Probe  
  29  7:58  Zealot  
  29  8:03  Probe  
  29  8:09  Zealot  
  31  8:15  Probe  
  31  8:19  Stalker  
  34  8:24  Probe  
  33  8:29  Sentry  
  33  8:32  Probe  
  36  8:39  Adept  
  37  8:42  Probe  
  38  8:50  Stalker  
  38  8:54  Probe  
  39  9:00  Stalker  
  41  9:06  Probe  
  42  9:10  Stalker  
  44  9:18  Probe  
  44  9:20  Stalker  
  47  9:30  Probe, Stalker  
  50  9:40  Stalker  
  52  9:50  Sentry  
  54  10:01  Sentry  
  56  10:11  Adept  
  58  10:20  Warp Prism  
  60  10:35  Gateway  
  60  10:38  Robotics Facility  
  60  10:43  Stalker x2  
  60  10:47  Pylon  
  59  10:50  Stargate  
  59  10:55  Warp Prism, Zealot  
  63  11:01  Zealot  
  61  11:08  Zealot  
  57  11:15  Zealot  
  55  11:25  Warp Prism  
  55  11:27  Void Ray, Observer  
  58  11:43  Observer  
  58  11:50  Stalker  
  61  11:59  Stalker  
  57  12:08  Stalker  
  55  12:18  Probe  
  55  12:26  Sentry  
  57  12:36  Stalker  
  59  12:45  Stalker  
  61  12:54  Stalker  
  63  13:12  Sentry  
  65  13:30  Void Ray  
  69  14:00  Adept  
  71  14:02  Pylon  
  71  14:07  Adept  
  73  14:14  Adept  
  75  14:21  Immortal  
  79  14:25  Pylon  
  78  14:31  Phoenix  
  80  14:45  Zealot  
  72  14:46  Observer  
  72  14:52  Zealot  
  55  15:00  Observer  
  56  15:08  Stalker  
  58  15:27  Sentry  
  60  15:41  Observer  
  61  15:45  Adept  
  63  15:52  Adept  
  52  15:58  Zealot  
  48  16:05  Zealot  
  50  16:12  Adept  
  52  16:20  Adept  
  54  16:26  Adept  
  54  16:32  Probe  
  57  16:33  Stalker  
  57  16:39  Sentry  
  61  16:46  Adept  
  63  16:52  Adept  
  65  16:59  Adept  
  67  17:06  Stalker  
  69  17:12  Stalker  
  71  17:22  Sentry  
  73  17:40  Void Ray  
  77  18:08  Immortal  
  80  18:42  Robotics Bay  
  80  18:44  Zealot  
  60  18:50  Zealot  
  47  19:13  Stalker  
  49  19:27  Observer  
  49  19:29  Disruptor  
  53  19:37  Stalker  
  55  19:45  Stalker  
  57  20:03  Sentry  
  58  20:18  Observer  
  59  20:41  Disruptor  
  62  21:38  Fleet Beacon  
  61  22:07  Zealot  
  55  22:13  Zealot  
  50  22:19  Stalker  
  50  22:21  Carrier  
  58  22:31  Zealot  
  58  22:35  Zealot  
  48  22:39  Zealot  
  48  22:42  Zealot  
  44  22:50  Zealot  
  41  22:55  Zealot  
  41  22:56  Probe  
  35  22:59  Zealot  
  35  23:03  Zealot  
  29  23:08  Probe  
  29  23:10  Zealot  
  25  23:16  Stalker, Pylon  
  25  23:19  Void Ray  
  27  23:28  Pylon  
  27  23:31  Zealot  
  27  23:33  Pylon  
  29  23:39  Zealot  
  23  23:41  Photon Cannon  
  17  23:50  Pylon  
  17  23:53  Warp Prism, Pylon  
  17  23:58  Photon Cannon  
  17  23:59  Zealot  
  17  24:09  Pylon  
  13  24:25  Nexus  
  13  24:29  Warp Prism  
  2  25:04  Warp Prism  
Tags
 
Add a new tag
Caveats
  • Supply blocks, unpowered buildings, or Contaminate may cause inaccurate times.
  • Supply counts are checked every 10 seconds.